 Dungeon Crawl Stone Soup version 0.30-a0-359-gd0147acb1a (webtiles) character file.

Game seed: 9894934644343488134

4183 purpskrrrp the Grappler (level 10, -5/94 HPs)
             Began as a Troll Warper on Nov 11, 2022.
             Was an Initiate of Yredelemnul.
             Slain by a troll (17 damage)
             ... on level 6 of the Dungeon.
             The game lasted 00:17:17 (4656 turns).

purpskrrrp the Grappler (Troll Warper)              Turns: 4656, Time: 00:17:18

Health: -5/94      AC:  5    Str: 21    XL:     10   Next: 8%
Magic:  13/14      EV: 10    Int: 13    God:    Yredelemnul [......]
Gold:   376        SH:  0    Dex:  9    Spells: 5/16 levels left

rFire   . . .      SeeInvis .      - Unarmed
rCold   . . .      Faith    .    (no shield)
rNeg    . . .      Spirit   .    a - +1 robe
rPois   .          Reflect  .    (helmet restricted)
rElec   .          Harm     .    (no cloak)
rCorr   +          Rampage  .    (gloves unavailable)
Will    .....                    (boots unavailable)
Stlth   +.........               m - amulet of magic regeneration
HPRegen 1.15/turn                A - ring of resist corrosion
MPRegen 0.54/turn                s - ring of wizardry

@: on blink cooldown
A: large, unfitting armour, claws 3, regeneration 1, shaggy fur 1, tough skin 1
a: Renounce Religion, Recall Undead Harvest


You were on level 6 of the Dungeon.
You worshipped Yredelemnul.
Yredelemnul was noncommittal.
You visited 1 branch of the dungeon, and saw 7 of its levels.

You collected 492 gold pieces.
You spent 116 gold pieces at shops.

Inventory:

Hand Weapons
 u - a +1 giant spiked club
Missiles
 b - 10 boomerangs
 c - 3 boomerangs of dispersal
Armour
 a - a +1 robe (worn)
Jewellery
 m - an amulet of magic regeneration (around neck)
 s - a ring of wizardry (right claw)
 y - a ring of positive energy
 A - a ring of resist corrosion (left claw)
 B - a ring of fire
Wands
 e - a wand of digging (3)
 x - a wand of paralysis (9)
Scrolls
 d - a scroll of poison
 f - 2 scrolls of teleportation
 j - a scroll of silence
 l - a scroll of amnesia
 p - 2 scrolls of identify
Potions
 g - 2 potions of ambrosia {unknown}
 h - a potion of flight {unknown}
 i - 5 potions of brilliance {unknown}
 k - 2 potions of mutation {unknown}
 n - 5 potions of curing
 o - a potion of invisibility {unknown}
 q - a potion of experience {unknown}
 v - a potion of lignification {unknown}
 w - a potion of cancellation {unknown}
 z - a potion of degeneration {unknown}


   Skills:
 + Level 4.8 Fighting
 - Level 0.8 Throwing
 + Level 4.9 Dodging
 * Level 8.3 Unarmed Combat
 + Level 3.6 Spellcasting
 + Level 4.8 Translocations
 + Level 4.5 Invocations


You had 5 spell levels left.
You knew the following spells:

 Your Spells              Type           Power      Damage    Failure   Level
a - Blink                 Tloc           28%        N/A       1%          2
b - Manifold Assault      Tloc           14%        N/A       12%         4
c - Call Canine Familiar  Summ           2%         N/A       26%         3
d - Passwall              Tmut/Erth      1%         N/A       13%         2

Your spell library contained the following spells:

 Spells                   Type           Power      Damage    Failure   Level
 Lesser Beckoning         Tloc           28%        N/A       3%          3
 Teleport Other           Tloc           14%        N/A       3%          3
 Sandblast                Erth           4%         2d4       9%          1
 Summon Small Mammal      Summ           8%         N/A       9%          1
 Vhi's Electric Charge    Tloc/Air       16%        N/A       10%         3
 Stone Arrow              Conj/Erth      4%         3d7       26%         3
 Summon Guardian Golem    Hex/Summ       2%         N/A       26%         3


Dungeon Overview and Level Annotations

Branches:
Dungeon (7/15)
 Temple: D:4-7

Altars:
Ashenzari
Elyvilon
Gozag
Kikubaaqudgha
Okawaru
Yredelemnul

Shops:
D:3 (=*(   D:5 =


Innate Abilities, Weirdness & Mutations

You are too large for most types of armour.
You have claws for hands.
Your natural rate of healing is unusually fast.
You are covered in fur. (AC +1)
You have tough skin. (AC +1)


Message History

No target in view!
No target in view!
No target in view!
No target in view!
No target in view!
No target in view!
A troll is nearby!
Found an escape hatch in the floor.
Things that are here:
a +0 halberd; a +0 plate armour Your orc zombie closely misses the troll.
You see here a +0 hand axe.
The kobold demonologist miscasts a cantrip.
There is a stone staircase leading up here.
You closely miss the troll. The troll closely misses you. x2
The troll claws you!
The kobold demonologist looks encouraged for a moment.
Your orc zombie hits the troll but does no damage.
The troll bites you. The troll closely misses you. The troll claws you!
The troll bites you. The troll barely misses you. The troll claws you.
Your orc zombie closely misses the troll.
You climb upwards.
There is a stone staircase leading down here.
Casting: Call Canine Familiar (dangerous; 26% risk of failure)
Confirm with . or Enter, or press ? or * to list all spells.
You blink.
The troll bites you!
The troll claws you but does no damage. x2
The troll attacks as you move away! The troll bites you.
* * * LOW HITPOINT WARNING * * *
The troll claws you.
* * * LOW HITPOINT WARNING * * *
The troll claws you but does no damage.
Okay, then.
You feel better. The troll completely misses you. The troll claws you.
The troll closely misses you. The troll barely misses you. The troll claws you!
* * * LOW HITPOINT WARNING * * *
The troll claws you!
* * * LOW HITPOINT WARNING * * *
The troll attacks as you move away! The troll bites you!
You die...
Your body rises from the dead as a mindless zombie.

####### ###################
#...... ..................#
#...... ...........P.P....#
#...... ..................#
#...... ......)...........#
#...^.. ...##..####....#@.#
#######Z.....
'####..####..###TT###......######
..).'....#..........#............
....#....#.......>..#....#.......
#####'#######.#######....#.##.##.
.......#.####.###.......##.##.##.
.......#........#.......+........
.......#........#.......#........
.......#........#.......#........


You could see 2 trolls.

Vanquished Creatures
  A wyvern (D:7)
  2 water moccasins (D:7)
  3 orc warriors (D:7)
  A sky beast (D:6)
  A black bear (D:7)
  3 ice beasts
  3 ogres
  A phantom (D:4)
  A kobold brigand (D:7)
  4 bullfrogs
  3 scorpions
  A water moccasin zombie (D:6)
  4 wights (D:6)
  A centaur zombie (D:6)
  2 jellies
  A gnoll bouda (D:7)
  An orc priest (D:3)
  4 hounds
  A bullfrog skeleton (D:6)
  Ijyb (D:3)
  Terence (D:2)
  2 iguanas
  4 orc wizards (D:7)
  A howler monkey zombie (D:6)
  A howler monkey skeleton (D:6)
  6 gnolls
  11 adders
  2 white imps
  2 ufetubi
  A worm (D:2)
  A dart slug (D:1)
  19 orcs
  4 bats
  3 endoplasms
  2 giant cockroaches (D:1)
  A gnoll zombie (D:7)
  5 hobgoblins
  11 jackals
  9 kobolds
  4 quokkas
  4 ball pythons (D:4)
  2 frilled lizards
  11 goblins
  5 rats
151 creatures vanquished.

Vanquished Creatures (collateral kills)
  A skeletal warrior (D:7)
  A vampire mosquito (D:7)
  A sky beast (D:7)
  An ice beast (D:5)
  A centaur (D:6)
  A phantom (D:5)
  A necrophage (D:6)
  A hound (D:7)
  An orc wizard (D:6)
  3 killer bee zombies (D:6)
  A howler monkey skeleton (D:6)
  A shadow imp (D:7)
  3 orcs
  An endoplasm (D:3)
  A jackal (D:4)
  A kobold (D:3)
  A frilled lizard (D:3)
  A goblin (D:4)
22 creatures vanquished.

Vanquished Creatures (others)
  A vampire mosquito zombie (D:7)
  A water moccasin zombie (D:7)
  A bullfrog zombie (D:7)
  A black bear zombie (D:7)
  2 scorpion zombies (D:7)
  An ice beast zombie (D:7)
  A hound zombie (D:7)
  A ball python zombie (D:4)
  4 orc zombies (D:7)
  A spectral ufetubus (D:6)
  10 fungi (D:5)
  4 toadstools (D:5)
  2 withered plants (D:6)
30 creatures vanquished.

Grand Total: 203 creatures vanquished

Notes
Turn   | Place    | Note
-------+----------+-------------------------------------------
     0 | D:1      | purpskrrrp the Troll Warper began the quest for the Orb.
     0 | D:1      | Reached XP level 1. HP: 19/19 MP: 1/1
    77 | D:2      | Reached XP level 2. HP: 15/28 MP: 2/2
   436 | D:2      | Reached XP level 3. HP: 34/35 MP: 4/4
   449 | D:2      | Learned a level 2 spell: Blink
   479 | D:2      | Noticed Terence
   489 | D:2      | Killed Terence
   837 | D:2      | Reached skill level 3 in Unarmed Combat
   913 | D:1      | Reached XP level 4. HP: 40/42 MP: 5/5
  1112 | D:1      | Noticed a shining eye
  1117 | D:1      | Noticed an eye of devastation
  1120 | D:1      | Found a faded altar of an unknown god.
  1122 | D:1      | Noticed a shining eye
  1122 | D:1      | Noticed a great orb of eyes
  1236 | D:1      | Prayed at the altar of an unknown god.
  1236 | D:1      | Became a worshipper of Yredelemnul the Dark
  1236 | D:1      | Reached * piety under Yredelemnul
  1367 | D:3      | Reached XP level 5. HP: 49/49 MP: 6/6
  1375 | D:3      | Found Qan Bulu's Weapon Shoppe.
  1603 | D:3      | Found Utsue's Assorted Antiques.
  1617 | D:3      | Bought a scroll labelled IWAPNI NURY for 31 gold pieces
  1617 | D:3      | Bought a scroll labelled WOFUVV JALEUWO for 31 gold pieces
  1617 | D:3      | Bought a white potion for 27 gold pieces
  1617 | D:3      | Bought a fizzy amethyst potion for 27 gold pieces
  1676 | D:3      | Noticed Ijyb
  1690 | D:3      | Killed Ijyb
  1692 | D:3      | Reached ** piety under Yredelemnul
  1696 | D:3      | Found Wyamer's Jewellery Shop.
  1764 | D:3      | Reached *** piety under Yredelemnul
  1926 | D:3      | Found Xerr's Weapon Emporium.
  2095 | D:4      | Reached skill level 4 in Unarmed Combat
  2127 | D:4      | Noticed an ogre
  2148 | D:4      | Reached XP level 6. HP: 59/59 MP: 7/7
  2151 | D:4      | Reached skill level 1 in Invocations
  2295 | D:4      | Reached XP level 7. HP: 53/66 MP: 9/9
  2551 | D:5      | Entered Level 5 of the Dungeon
  2599 | D:5      | Found a broken altar of Ashenzari.
  2637 | D:5      | Reached skill level 5 in Unarmed Combat
  2680 | D:5      | Identified the +3 leather armour of Rotation {rElec Regen+
                  | Str-4 Slay-3}
  2687 | D:5      | Found an iron altar of Okawaru.
  2723 | D:5      | Identified the +6 dagger of Reunefig {vorpal, rC+}
  2832 | D:5      | Reached XP level 8. HP: 75/75 MP: 10/10
  2882 | D:5      | Found Ynaupig's Jewellery Shop.
  2920 | D:5      | Found an opulent altar of Gozag.
  3307 | D:6      | Reached skill level 6 in Unarmed Combat
  3666 | D:6      | Reached XP level 9. HP: 83/83 MP: 12/12
  3987 | D:6      | Learned a level 4 spell: Manifold Assault
  3991 | D:6      | Learned a level 3 spell: Call Canine Familiar
  3994 | D:6      | Learned a level 2 spell: Passwall
  4033 | D:7      | Reached skill level 7 in Unarmed Combat
  4334 | D:7      | Reached skill level 8 in Unarmed Combat
  4387 | D:7      | Found an ancient bone altar of Kikubaaqudgha.
  4390 | D:7      | Found a white marble altar of Elyvilon.
  4483 | D:7      | Noticed a kobold demonologist
  4483 | D:7      | Noticed a troll
  4483 | D:7      | Noticed a troll
  4483 | D:7      | Noticed a skeletal warrior
  4483 | D:7      | Noticed a troll
  4483 | D:7      | Noticed a troll
  4485 | D:7      | Identified the +11 falchion of Xohi {pain, rC+ Int+4}
  4513 | D:7      | Killed a skeletal warrior
  4514 | D:7      | Reached XP level 10. HP: 54/94 MP: 14/14
  4520 | D:7      | Noticed an orange demon
  4656 | D:6      | Slain by a troll

Illustrated notes

Levels and vault maps discovered:
D:1:      mrwooster_arrival_statue_2, layout_rooms,
          hellmonk_ecumenical_altar_watching_god
D:2:      layout_loops_ring, nrook_mini_vaults, uniq_terence
D:3:      layout_loops_ring, serial_glass, glass_columns_a, glass_columns_a,
          serial_shops, nicolae_shop_temple_entry_statues_fountains,
          nicolae_shop_waterfront, shop, shop, uniq_ijyb
D:4:      layout_rooms, st_stairs_11, minivault_23,
          chequers_serial_rivers_room_a, cheibrodos_gnoll_hut
D:5:      layout_cave_pools, overflow_temple_1_default,
          mainiacjoe_overflow_big_doors, serial_shops, shop,
          minmay_gold_behind_fungi
D:6:      layout_gridville, serial_undead, serial_undead_c, serial_undead_d,
          serial_undead_b, serial_undead_f, chequers_serial_rivers_large_b
D:7:      minmay_the_grid_octo_tiled_octocenter [minmay_the_grid_octo_odd_swirl,
          minmay_the_grid_octo_checkered, minmay_the_grid_octo_tetromino_candy,
          minmay_the_grid_octo_checkerflower, minmay_the_grid_octo_prize_star,
          minmay_the_grid_square_5x5_hollow_slash,
          minmay_the_grid_square_5x5_tie, minmay_the_grid_square_5x5_shuriken,
          minmay_the_grid_square_5x5_fancy_junction], layout_rooms,
          chequers_temple_overflow_statue_of_worship,
          minmay_temple_entry_enclosed_plants

Skill      XL: |  1  2  3  4  5  6  7  8  9 |
---------------+----------------------------+-----
Dodging        | 2 3 4 |  4.9
Fighting       | 2 3 4 |  4.8
Unarmed Combat | 3 4 5 6 8 |  8.3
Spellcasting   | 2 3 |  3.6
Invocations    | 1 2 3 4 |  4.5
Translocations | 3 4 |  4.8
Throwing       | |  0.8

Action                   |  1- 3 |  4- 6 |  7- 9 | 10-12 || total
-------------------------+-------+-------+-------+-------++-------
Melee: Unarmed           |    89 |   145 |   224 |     9 ||   467
       Punch             |       |     2 |     6 |       ||     8
Throw: Boomerang         |     4 |       |       |       ||     4
 Cast: Blink             |       |       |       |     1 ||     1
       Call Canine Famil |       |       |       |     1 ||     1
Invok: Dark Bargain      |       |     1 |       |       ||     1
       Recall Undead Har |       |       |     1 |       ||     1
  Use: Scroll            |     3 |     7 |     7 |     1 ||    18
       Potion            |       |     2 |     3 |     2 ||     7
 Stab: Sleeping          |     1 |       |       |       ||     1
       Distracted        |       |       |     3 |       ||     3
Armor: Robe              |    30 |    42 |    56 |     8 ||   136
Dodge: Dodged            |    46 |    54 |    96 |    11 ||   207

Table legend: (Time is in decaauts)
 A = Elapsed time spent in this place.
 B = Non-inter-level travel time spent in this place.
 C = Inter-level travel time spent in this place.
 D = Time resting spent in this place.
 E = Time spent auto-exploring this place.
 F = Levels seen in this place.
 G = Mean time per level.
                   A        B        C        D        E       F      G
               +--------+--------+--------+--------+--------+-----+--------+
         Total |   4658 |   4484 |    174 |    355 |   3078 |   7 |  665.4 |
       Dungeon |   4658 |   4484 |    174 |    355 |   3078 |   7 |  665.4 |
               +--------+--------+--------+--------+--------+-----+--------+

Top non-repeatable levels by time:
     D:6: 1002 daAuts
     D:2: 835 daAuts
     D:3: 757 daAuts
     D:5: 571 daAuts
     D:7: 536 daAuts
     D:4: 528 daAuts
     D:1: 426 daAuts
